 Dungeon Crawl Stone Soup version 0.29.1-15-g9cfb28693d (webtiles) character file.

Game seed: 1347104961773338409

34 croobank the Sneak (level 3, 0/26 HPs)
             Began as an Octopode Delver on Mar 14, 2023.
             Succumbed to an adder's poison
             ... on level 3 of the Dungeon.
             The game lasted 00:02:33 (698 turns).

croobank the Sneak (Octopode Delver)                 Turns: 698, Time: 00:02:33

Health: 0/26       AC:  1    Str: 11    XL:     3   Next: 31%
Magic:  3/3        EV: 13    Int: 14    God:
Gold:   22         SH:  0    Dex: 13    Spells: 2/2 levels left

rFire   . . .      SeeInvis .   a - +0 falchion
rCold   . . .      Faith    .   (no shield)
rNeg    . . .      Spirit   .   (helmet restricted)
rPois   .          Reflect  .   (no amulet)
rElec   .          Harm     .   (no ring)
rCorr   .          Rampage  .   (no ring)
Will    .....                   (no ring)
Stlth   ++++......              (no ring)
HPRegen 0.08/turn               (no ring)
MPRegen 0.08/turn               (no ring)
                                (no ring)
                                (no ring)

@: lethally poisoned (0 -> -3), flying
A: almost no armour, amphibious, 8 rings, camouflage 1, gelatinous body 1,
(nimble swimmer 1), tentacles
a: no special abilities


You were on level 3 of the Dungeon.
You visited 1 branch of the dungeon, and saw 3 of its levels.

You collected 22 gold pieces.

Inventory:

Hand Weapons
 a - a +0 falchion (weapon)
Wands
 f - a wand of digging (2)
 h - a wand of charming (7)
Scrolls
 c - 3 scrolls of magic mapping
Potions
 e - a potion of haste


   Skills:
 + Level 3.3 Fighting
 + Level 2.4 Long Blades
 + Level 2.4 Dodging
 + Level 7.0 Stealth


You had 2 spell levels left.
You didn't know any spells.
Your spell library was empty.

Dungeon Overview and Level Annotations

Branches:
Dungeon (5/15)
 Temple: D:4-7

Altars:

Portals:
Sewer: D:3

Annotations:
D:4 Eustachio, Grinder


Innate Abilities, Weirdness & Mutations

You cannot wear most types of armour.
You are amphibious.
You can wear up to eight rings at the same time.
Your skin changes colour to match your surroundings (Stealth+).
Your rubbery body absorbs attacks. (AC +1, EV +1)
((You are camouflaged when in or above water. (Stealth+)))
You have tentacles for arms and can constrict up to eight enemies at once.


Message History

The scroll dissolves into smoke.
You constrict the adder.
You kill the adder!
You feel sick. The adder bites you.
Your Stealth skill increases to level 7!
You feel sick.
You feel sick. The adder attacks as you move away! The adder bites you.
* * * LOW HITPOINT WARNING * * *
You feel sick. The adder barely misses you. The adder attacks as you move away!
The adder misses you.
You feel sick.
You closely miss the adder. Your grab misses the adder.
You feel sick.
You are no longer poisoned.
The adder bites you.
* * * LOW HITPOINT WARNING * * *
It was a potion of curing.
You feel better. The adder bites you.
You are poisoned.
The adder poisons you!
You hit the adder. You grab the adder.
The adder is moderately wounded.
You constrict the adder, but do no damage.
You feel sick. The adder closely misses you. The adder bites you.
* * * LOW HITPOINT WARNING * * *
You release your grip on the adder.
The adder attacks as you move away! The adder bites you.
* * * LOW HITPOINT WARNING * * *
x2 You feel sick.
The adder barely misses you. The adder misses you.
The adder closely misses you.
It was a potion of flight.
You feel very buoyant.
You fly up into the air.
* * * LOW HITPOINT WARNING * * *
You feel sick. The adder bites you.
* * * LOW HITPOINT WARNING * * *
The adder completely misses you.
Okay, then.
Okay, then.
You closely miss the adder. You grab the adder.
The adder is moderately wounded.
You constrict the adder.
You die...

.# #.# ##** #.# *####**#
,,,* #.# *...,,.#****
#..####.# *#..,,...,,,*
*#......##
########..,,....,,,*
#..#####.###
#....§§§§*,..~~~,,,* ,,,*
##..>###.####§§##S.~~~~~,,,
,,,*
#........##SSr§r§r.~~∩~~,,,
,,,*
#......#..@S#§§##§.~~~~~,,,
*,**
#.#.##.#.####§§#*,..~~~,,,,
,,*
#.#..#.........#*,,....,,,,
***
#.##.#.#......##*,,,!..,,,,
#.**.#.######## *,,,,..,,,,
*,,,...# ****,*#****
********,*.#.#******* *,*
,,,,,* *,#.#.#*,,,,,*
***,*****
,,,,,***,#,...*,,,,,*
*,,,,,,,*


You could see 2 adders and a ball python.

Vanquished Creatures
  3 adders
  An orc (D:4)
  A ball python (D:4)
  A giant cockroach (D:3)
  A quokka (D:4)
7 creatures vanquished.

Notes
Turn   | Place    | Note
-------+----------+-------------------------------------------
     0 | D:5      | croobank the Octopode Delver began the quest for the Orb.
     0 | D:5      | Reached XP level 1. HP: 16/16 MP: 1/1
    40 | D:4      | Reached XP level 2. HP: 9/21 MP: 2/2
   431 | D:4      | Noticed Grinder
   557 | D:4      | Noticed an ogre
   590 | D:4      | Noticed Eustachio
   675 | D:3      | Found a glowing drain.
   684 | D:3      | Reached XP level 3. HP: 22/26 MP: 3/3
   689 | D:3      | Reached skill level 7 in Stealth
   697 | D:3      | HP: 1/26 [adder (1)]
   698 | D:3      | Succumbed to an adder's poison

Illustrated notes

Levels and vault maps discovered:
D:3:      layout_loops_cross, portal_sewer_entry_a, nicolae_shop_vocational
D:4:      layout_loops_ring, nicolae_vehumet_altar_sigil, uniq_menkaure,
          uniq_eustachio, uniq_grinder, uniq_natasha
D:5:      layout_layer_cave, temple_doors_ab, ebering_ghost_reflecting_pool,
          kennysheep_generic_room_11

Skill      XL: |  1  2  3 |
---------------+----------+-----
Stealth        | 7 |  7.0
Fighting       | |  3.3
Long Blades    | |  2.4
Dodging        | |  2.4

Action                   || total
-------------------------++-------
Melee: Falchion          ||    23
       Constrict         ||     8
       Tentacles         ||     1
Evoke: Wand              ||     1
  Use: Scroll            ||     3
       Potion            ||     2
 Stab: Sleeping          ||     3
Armor: Skin              ||     1
Dodge: Dodged            ||    21
